 Dungeon Crawl Stone Soup version 0.21-a0-186-g02e8684 (webtiles) character file.

176 aurelian the Chopper (level 5, -5/64 HPs)
             Began as a Barachi Berserker on Aug 13, 2017.
             Was a Believer of Trog.
             Slain by a gnoll
             ... wielding a +0 spear
              (7 damage)
             ... on level 3 of the Dungeon.
             The game lasted 00:04:10 (2759 turns).

aurelian the Chopper (Barachi Berserker)            Turns: 2759, Time: 00:04:11

Health: -5/64      AC:  2    Str: 23    XL:     5   Next: 56%
Magic:  5/5        EV: 12    Int:  7    God:    Trog [**....]
Gold:   85         SH:  0    Dex: 13    Spells: 4/4 levels left

rFire    . . .     SeeInvis .   a - +0 hand axe
rCold    . . .     Gourm    .   (no shield)
rNeg     . . .     Faith    .   b - +0 animal skin
rPois    .         Spirit   .   (no helmet)
rElec    .         Reflect  .   (no cloak)
rCorr    .         Harm     .   (no gloves)
MR       .....                  (no boots)
Stlth    ..........             (no amulet)
HPRegen  0.20/turn              (no ring)
MPRegen  0.09/turn              (no ring)

@: berserking, very quick
A: +LOS, swims, slowness 1, strong legs 1
a: Hop, Berserk, Trog's Hand, Burn Spellbooks, Renounce Religion


You were on level 3 of the Dungeon.
You worshipped Trog.
Trog was pleased with you.
You were not hungry.

You visited 1 branch of the dungeon, and saw 3 of its levels.

You collected 85 gold pieces.

Inventory:

Hand Weapons
 a - a +0 hand axe (weapon)
Armour
 b - a +0 animal skin (worn)
Scrolls
 e - 3 scrolls of immolation {unknown}
 g - a scroll of fear {unknown}
 h - 2 scrolls of identify {unknown}
 k - a scroll of blinking {unknown}
 l - 6 scrolls of teleportation {unknown}
 n - a scroll of amnesia {unknown}
 o - a scroll of remove curse {unknown}
 q - a scroll of magic mapping {unknown}
 r - a scroll of enchant weapon {unknown}
Potions
 d - 4 potions of haste {unknown}
 i - a potion of might
 p - 2 potions of degeneration {unknown}
 t - a potion of lignification {unknown}
 u - a potion of curing {unknown}
Comestibles
 c - 2 bread rations
 f - 7 fruits
 j - a meat ration
 m - 2 royal jellies


   Skills:
 + Level 4.6 Fighting
 * Level 5.3 Axes
 + Level 4.0 Armour
 - Level 2.1 Dodging


You had 4 spell levels left.
You didn't know any spells.

Dungeon Overview and Level Annotations

Branches:
Dungeon (3/15)

Altars:
Elyvilon
Ru

Annotations:
D:3 RebelPilot31's ghost, amateur MiFi


Innate Abilities, Weirdness & Mutations

Shadows flee at your approach. (+LOS)
You can swim through water.
You cover ground slowly.
You can hop short distances.


Message History

The gnoll hits you with a spear!
* * * LOW HITPOINT WARNING * * *
The gnoll misses you.
You are too injured to fight recklessly!
You are too injured to fight recklessly!
Unknown command.
You are too injured to fight recklessly!
You slash the gnoll!
The gnoll is severely wounded.
You barely miss the gnoll. You hit the gnoll.
Unknown command.
You closely miss the gnoll.
The gnoll is severely wounded.
You hit the gnoll.
You kill the gnoll!
Trog accepts your kill.
You barely miss the gnoll. The gnoll hits you with a spear.
* * * LOW HITPOINT WARNING * * *
The gnoll hits you with a spear!
You die...

... #.## ...
#.##### #'# #.....#
#.# #####.# #.# #.#
##.########## #.#
##.).#.......###.#
######......#
#.......#
.......g@.#.#
#.#.#####
#######g.##.###.#.#
#.###.......#
#.........###
###########


You could see 2 gnolls.

Vanquished Creatures
  An orc priest (D:3)
  An orc wizard (D:3)
  2 gnolls (D:3)
  3 adders
  2 worms
  3 dart slugs
  A leopard gecko (D:2)
  2 orcs (D:3)
  3 giant cockroaches (D:2)
  9 goblins
  5 hobgoblins
  7 jackals (D:2)
  6 kobolds
  4 bats
  5 frilled lizards
  8 rats
62 creatures vanquished.

Notes
Turn   | Place    | Note
-------+----------+-------------------------------------------
     0 | D:1      | aurelian the Barachi Berserker began the quest for the Orb.
     0 | D:1      | Reached XP level 1. HP: 18/18 MP: 1/1
     3 | D:1      | Noticed an electric eel
     3 | D:1      | Noticed an electric eel
   282 | D:1      | Reached XP level 2. HP: 10/25 MP: 2/2
  1068 | D:2      | Reached skill level 4 in Axes
  1068 | D:2      | Reached XP level 3. HP: 29/30 MP: 3/3
  1492 | D:2      | Reached ** piety under Trog
  1517 | D:2      | Reached XP level 4. HP: 37/37 MP: 4/4
  2166 | D:3      | Reached skill level 5 in Axes
  2170 | D:3      | Reached XP level 5. HP: 43/43 MP: 5/5
  2227 | D:3      | Found a white marble altar of Elyvilon.
  2355 | D:3      | Found a sacrificial altar of Ru.
  2494 | D:3      | Noticed RebelPilot31's ghost (amateur MiFi)
  2759 | D:3      | HP: 2/64 [gnoll/spear (6)]
  2759 | D:3      | Slain by a gnoll

Vault maps used:
D:1:      arrival_aquarium_b, minmay_pentomino_s2
D:2:      roderic_serpentine_path
D:3:      lemuel_doored_altar, old_standard_altar

Skill      XL: |  1  2  3  4  5 |
---------------+----------------+-----
Armour         | 3 4 |  4.0
Axes           | 4 5 |  5.3
Fighting       | 4 |  4.6
Dodging        | |  2.1

Action                   |  1- 3 |  4- 6 || total
-------------------------+-------+-------++-------
Melee: Hand axe          |    73 |    87 ||   160
Invok: Berserk           |     4 |     4 ||     8
  Eat: Chunk             |     6 |     7 ||    13
Armor: Animal skin       |    10 |    13 ||    23
Dodge: Dodged            |    52 |    47 ||    99
